Description

adams special little all in

Replay - Adam's Attack

Build Order

Get SALT Encoding   

  12  0:01  Probe  
  13  0:13  Probe  
  14  0:20  Pylon  
  14  0:25  Probe  
  15  0:39  Gateway  
  15  0:40  Probe  
  16  0:46  Assimilator  
  16  0:49  Probe  
  17  0:57  Probe  
  18  1:08  Probe  
  19  1:20  Probe  
  20  1:31  Nexus  
  20  1:40  Cybernetics Core  
  20  1:42  Probe  
  21  1:48  Assimilator  
  21  1:55  Pylon  
  21  1:58  Probe  
  23  2:16  Warp Gate  
  23  2:17  Adept  
  25  2:24  Robotics Facility  
  27  2:51  Adept  
  31  3:01  Gateway x2  
  31  3:11  Observer  
  36  3:31  Stalker  
  36  3:33  Observer  
  43  3:56  Pylon  
  45  4:03  Pylon  
  46  4:10  Assimilator x2  
  46  4:14  Robotics Bay  
  46  4:17  Stalker x3  
  54  4:29  Pylon  
  58  4:46  Colossus  
  58  4:48  Adept x3  
  65  5:05  Extended Thermal Lance  
  71  5:17  Stalker x3  
  77  5:34  Colossus  
  84  5:50  Stalker x2  
  88  6:01  Gateway x2  
  88  6:09  Gateway x2  
  88  6:10  Colossus  
  88  6:32  Sentry x3  
  100  6:58  Stalker  
  100  7:00  Warp Prism  
Spawning Tool Build Advisor. Get it on Overwolf

Go to:

Details

  • Created by: Heeebs
  • Published on: Aug 28, 2019
  • Modified on: Aug 28, 2019
  • Patch: 4.7.1
Show
View Real Time Build Order
Export as new Build Order

Comments (0)

There are no comments. Be the first!

Create an account to comment!